 Dungeon Crawl Stone Soup version 0.21-a0-143-g1ab7d47 (webtiles) character file.

583 namelastname112 the Stinger (level 7, -2/50 HPs)
             Began as a Pale Draconian Venom Mage on July 26, 2017.
             Slain by Duvessa
             ... wielding a +0 short sword
              (14 damage)
             ... on level 6 of the Dungeon.
             The game lasted 00:08:43 (4278 turns).

namelastname112 the Stinger (DrVM)                  Turns: 4278, Time: 00:08:44

Health: -2/50      AC: 10    Str: 10    XL:     7   Next: 14%
Magic:  3/13       EV: 12    Int: 18    God:
Gold:   247        SH:  0    Dex: 11    Spells: 8/15 levels left

rFire    . . .     SeeInvis .   c - +3 quarterstaff
rCold    . . .     Gourm    .   (shield currently unavailable)
rNeg     . . .     Faith    .   (armour unavailable)
rPois    +         Spirit   .   (helmet restricted)
rElec    .         Reflect  .   p - +2 cloak
rCorr    .         Harm     .   y - +0 pair of gloves
MR       .....                  (no boots)
Stlth    ++........             s - amulet of regeneration
HPRegen  0.56/turn              t - ring of poison resistance
MPRegen  0.13/turn              (no ring)

@: short of breath, very slightly contaminated
A: breathe steam, unfitting armour, cold-blooded, AC +6
a: Breathe Steam


You were on level 6 of the Dungeon.
You were not hungry.

You visited 1 branch of the dungeon, and saw 6 of its levels.

You collected 247 gold pieces.

Inventory:

Hand Weapons
 c - a +3 quarterstaff (weapon)
Armour
 n - a +0 buckler
 p - a +2 cloak (worn)
 y - a +0 pair of gloves (worn)
Jewellery
 s - an amulet of regeneration (around neck)
 t - a ring of poison resistance (left hand)
Wands
 l - a wand of acid (2/15)
 v - a wand of scattershot (9/9)
Scrolls
 d - a scroll of blinking {unknown}
 e - a scroll of remove curse
 h - 3 scrolls of identify
 k - a scroll of magic mapping
 m - a scroll of teleportation
 o - 2 scrolls of enchant weapon
 q - a scroll of recharging
 u - a scroll of amnesia {unknown}
Potions
 g - a potion of mutation
 i - a potion of heal wounds {unknown}
 j - a potion of haste {unknown}
 r - a potion of cancellation {unknown}
 z - a potion of flight {unknown}
 A - 2 potions of curing
Books
 a - a Young Poisoner's Handbook

   Spells                             Type                      Level
   a - Sting                          Conjuration/Poison           1
   b - Poisonous Vapours              Poison/Air                   2
   c - Mephitic Cloud                 Conjuration/Poison/Air       3
   d - Olgreb's Toxic Radiance        Poison                       4
   e - Venom Bolt                     Conjuration/Poison           5
 w - a book of Necromancy

   Spells                             Type                      Level
   a - Pain                           Necromancy                   1
   b - Animate Skeleton               Necromancy                   1
   c - Vampiric Draining              Necromancy                   3
   d - Regeneration                   Charms/Necromancy            3
   e - Animate Dead                   Necromancy                   4
   f - Control Undead                 Necromancy                   4
Comestibles
 b - 3 bread rations
 f - a meat ration


   Skills:
 - Level 1.7 Dodging
 - Level 1.7 Stealth
 + Level 4.5 Spellcasting
 + Level 4.2 Conjurations
 + Level 5.3 Poison Magic


You had 8 spell levels left.
You knew the following spells:

 Your Spells              Type           Power        Failure   Level  Hunger
a - Olgreb's Toxic Radia  Pois           ###.....     16%         4    ####...
x - Poisonous Vapours     Pois/Air       ##....       7%          2    #......
z - Sting                 Conj/Pois      ###.         1%          1    None


Dungeon Overview and Level Annotations

Branches:
Dungeon (6/15)
 Temple: D:4-7

Altars:
Gozag

Annotations:
D:6 Duvessa


Innate Abilities, Weirdness & Mutations

You can breathe blasts of scalding, opaque steam.
Your pale cyan-grey scales are hard. (AC +6)
You cannot fit into any form of body armour.
You are cold-blooded and may be slowed by cold attacks.


Message History

You kill the adder!
You feel somewhat more hungry.
Something screams in a voice full of rage, "No, no!"
You feel a bit more experienced. Something hits you but does no damage.
There is a stone staircase leading down here.
Something hits you!!
You climb downwards. 3 wights come into view.
Found an escape hatch in the floor.
There is a stone staircase leading up here.
You take 17 damage, and have 19/50 hp.
MASSIVE DAMAGE!!
You barely miss something. Something hits you!
* * * LOW HITPOINT WARNING * * *
Something hits you but does no damage.
You take 8 damage, and have 11/50 hp.
A wight comes into view. It is wielding a halberd.
You hear a shout!
Something hits you!
You die...

# ## .#. #.. ...
#.# #.# #.###
##.#####@..####
......><..z....#
#######.......##
#..#.#...#
#.z#zz....
#.........
#.##...... #.#
.#... #.. .


You could see 4 wights.

Vanquished Creatures
  Dowan (D:5)
  2 crimson imps (D:5)
  2 hounds (D:5)
  4 orc wizards
  An orc priest (D:4)
  2 worker ants (D:4)
  Ijyb (D:5)
  An iguana (D:5)
  Robin (D:4)
  6 adders
  An ooze (D:1)
  3 worms
  4 leopard geckos
  7 orcs
  8 bats
  2 giant cockroaches
  18 goblins
  5 hobgoblins
  6 jackals
  A quokka (D:2)
  A ball python (D:3)
  5 frilled lizards
  6 kobolds
  A leopard gecko skeleton (D:4)
  5 rats
94 creatures vanquished.

Notes
Turn   | Place    | Note
-------+----------+-------------------------------------------
     0 | D:1      | namelastname112 the Draconian Venom Mage began the quest for the Orb.
     0 | D:1      | Reached XP level 1. HP: 14/14 MP: 3/3
   432 | D:1      | Reached XP level 2. HP: 20/20 MP: 1/5
   436 | D:1      | Learned a level 2 spell: Poisonous Vapours
   753 | D:1      | Reached XP level 3. HP: 25/26 MP: 3/6
   910 | D:2      | Found an opulent altar of Gozag.
  1581 | D:2      | Reached XP level 4. HP: 33/33 MP: 6/8
  2781 | D:4      | Reached skill level 4 in Poison Magic
  3219 | D:5      | Entered Level 5 of the Dungeon
  3229 | D:5      | Reached XP level 5. HP: 21/38 MP: 0/9
  3442 | D:5      | Noticed Ijyb
  3450 | D:5      | Noticed a phantom
  3452 | D:5      | Killed Ijyb
  3458 | D:5      | Noticed an ogre
  3475 | D:5      | Noticed an ogre
  3636 | D:5      | Noticed an ice beast
  3695 | D:5      | Reached XP level 6. HP: 45/45 MP: 3/11
  3777 | D:4      | Reached skill level 5 in Poison Magic
  3877 | D:4      | Noticed Robin
  3916 | D:3      | Learned a level 4 spell: Olgreb's Toxic Radiance
  3967 | D:4      | Killed Robin
  4254 | D:5      | Noticed Duvessa
  4259 | D:5      | Your scales start taking on a pale cyan-grey colour.
  4259 | D:5      | Reached XP level 7. HP: 50/50 MP: 8/13
  4261 | D:5      | Noticed Dowan
  4272 | D:5      | Killed Dowan
  4278 | D:6      | Slain by Duvessa

Vault maps used:
D:1:      dpeg_arrival_simpleton_b
D:2:      nicolae_overflow_crystal_walls
D:4:      first_bread, uniq_robin
D:5:      uniq_duvessa, uniq_ijyb
D:6:      temple_pool_b, serial_shops, shop_fountains, tso_altar

Skill      XL: |  1  2  3  4  5  6 |
---------------+-------------------+-----
Conjurations   | 2 3 4 |  4.2
Spellcasting   | 3 4 |  4.5
Poison Magic   | 4 5 |  5.3
Dodging        | |  1.7
Stealth        | |  1.7

Action                   |  1- 3 |  4- 6 |  7- 9 || total
-------------------------+-------+-------+-------++-------
Melee: Short sword       |    48 |       |       ||    48
       Tailslap          |     7 |    11 |     1 ||    19
       Unarmed           |     2 |       |       ||     2
       Dagger            |    17 |    94 |       ||   111
       Quarterstaff      |       |    38 |     4 ||    42
 Cast: Sting             |    55 |    81 |       ||   136
       Poisonous Vapours |     5 |    17 |       ||    22
       Olgreb's Toxic Ra |       |     2 |     1 ||     3
 Abil: Breathe Steam     |       |       |     1 ||     1
Evoke: Wand              |       |     1 |       ||     1
  Use: Potion            |       |     3 |       ||     3
       Scroll            |       |     7 |       ||     7
  Eat: Chunk             |     3 |    10 |       ||    13
Armor: Skin              |    20 |    63 |     6 ||    89
Dodge: Dodged            |    48 |   119 |     3 ||   170
